 Dungeon Crawl Stone Soup version 0.25.1-2-g60ff931df9 (webtiles) character file.

Game seed: 10628170434164868419

302863 DildoBatman the Necromancer (level 21, -21/153 HPs)
             Began as a Formicid Wizard on Aug 20, 2020.
             Was an Initiate of Gozag.
             Killed from afar by a frost giant (50 damage)
             ... with a bolt of cold
             ... on level 4 of the Vaults.
             The game lasted 02:50:43 (41544 turns).

DildoBatman the Necromancer (Formicid Wizard)      Turns: 41544, Time: 02:50:43

Health: -21/153    AC: 19    Str: 17    XL:     21   Next: 99%
Magic:  35/39      EV: 15    Int: 33    God:    Gozag
Gold:   11918      SH:  0    Dex:  9    Spells: 19/48 levels left

rFire    . . .     SeeInvis +   a - +4 scimitar (flame)
rCold    . . .     Gourm    .   Z - +3 tower shield "Nusmoh" {+Inv rElec MR+}
rNeg     + . .     Faith    .   n - +4 troll leather armour
rPois    .         Spirit   .   (helmet unavailable)
rElec    +         Reflect  .   g - +0 cloak {rCorr}
rCorr    +         Harm     .   u - +3 pair of gauntlets of War {Slay+5}
MR       +++++                  D - +2 pair of boots "Uborerav" {rN+ MR+ Str+4}
Stlth    +.........             m - amulet of magic regeneration
HPRegen  1.15/turn              J - ring of protection from magic
MPRegen  0.51/turn              i - +6 ring of intelligence

@: confused
A: permanent stasis, dig shafts and tunnels, four strong arms, antennae 3,
regeneration 1, evolution 1
}: 2/15 runes: decaying, serpentine
a: Dig, Shaft Self, Potion Petition, Call Merchant, Bribe Branch, Renounce
Religion, Evoke Invisibility


You were on level 4 of the Vaults.
You worshipped Gozag.
Gozag was extremely pleased with you.
You were full.

You visited 7 branches of the dungeon, and saw 36 of its levels.
You visited 1 bazaar.

You collected 15182 gold pieces.
You spent 2446 gold pieces at shops.
You paid 818 gold pieces to Gozag.

Inventory:

Hand Weapons
 a - a +4 scimitar of flaming (weapon)
 b - a +2 shortbow of flaming
 d - a +3 demon whip of freezing
 e - a +2 rapier of electrocution
 f - a +2 flail of protection
Missiles
 p - 943 arrows
 w - 716 bolts
 E - 2 throwing nets (quivered)
 N - 152 sling bullets
Armour
 g - a +0 cloak of preservation (worn)
 n - a +4 troll leather armour (worn)
 u - the +3 pair of gauntlets of War (worn) {Slay+5}
   (You found it on level 5 of the Dungeon)

   It affects your accuracy and damage with ranged weapons and melee attacks
   (+5).
 D - the +2 pair of boots "Uborerav" (worn) {rN+ MR+ Str+4}
   (You bought it in a shop on level 14 of the Dungeon)

   It affects your strength (+4).
   It protects you from negative energy.
   It affects your resistance to hostile enchantments.
 P - the cursed +0 pair of gloves of the Salamander {MR+ Str+4, unknown}
   (You found it on level 3 of the Vaults)

   It affects your strength (+4).
   It affects your resistance to hostile enchantments.
   It has a curse placed upon it.
 Z - the +3 tower shield "Nusmoh" (worn) {+Inv rElec MR+}
   (You took it off Mennas on level 2 of the Vaults)

   It insulates you from electricity.
   It affects your resistance to hostile enchantments.
   It lets you turn invisible.
Jewellery
 i - a +6 ring of intelligence (right hand)
 m - an amulet of magic regeneration (around neck)
 A - an uncursed ring of poison resistance
 F - an uncursed ring of wizardry
 I - an uncursed ring of protection from cold
 J - a ring of protection from magic (left hand)
 Y - an uncursed ring of positive energy
Wands
 c - a wand of random effects (14)
 o - a wand of disintegration (40)
 K - a wand of acid (25)
 Q - a wand of iceblast (26)
Scrolls
 j - 5 scrolls of fear
 l - 2 scrolls of summoning {unknown}
 t - 2 scrolls of fog
 x - 16 scrolls of remove curse
 z - 14 scrolls of identify
 C - 7 scrolls of magic mapping
 H - a scroll of enchant armour
 L - 6 scrolls of immolation
 M - 3 scrolls of amnesia
 V - a scroll of silence {unknown}
 W - a scroll of brand weapon {unknown}
 X - a scroll of enchant weapon
Potions
 h - 4 potions of flight
 k - 4 potions of brilliance
 q - 10 potions of curing
 r - 4 potions of invisibility
 s - 6 potions of might
 y - 7 potions of stabbing
 B - 6 potions of cancellation
 G - 7 potions of heal wounds
 R - 4 potions of ambrosia
 S - 3 potions of resistance
Miscellaneous
 O - 3 phantom mirrors
 T - a tin of tremorstones (3/3)
 U - a phial of floods
Comestibles
 v - 18 rations


   Skills:
 - Level 10.0 Fighting
 - Level 10.0 Armour
 - Level 8.0 Dodging
 - Level 2.4 Stealth
 - Level 15.0 Shields
 - Level 14.0 Spellcasting
 - Level 6.0 Conjurations
   Level 1.0 Summonings
 - Level 19.0 Necromancy
   Level 0.8 Translocations
 * Level 11.5 Transmutations
 - Level 5.0 Fire Magic
 - Level 5.0 Air Magic
 - Level 18.0 Earth Magic


You had 19 spell levels left.
You knew the following spells:

 Your Spells              Type           Power        Failure   Level  Hunger
a - Conjure Flame         Conj/Fire      ######..     1%          3    None
b - Borgnjor's Vile Clut  Necr/Erth      #######...   1%          5    None
c - Dispel Undead         Necr           #######.     0%          4    None
d - Vampiric Draining     Necr           #######...   0%          3    None
e - Mephitic Cloud        Conj/Pois/Air  #####...     1%          3    None
f - Necromutation         Tmut/Necr      #######...   26%         8    ######.
h - Magic Dart            Conj           ####         1%          1    None
z - Sublimation of Blood  Necr           #######...   0%          2    None

Your spell library contained the following spells:

 Spells                   Type           Power        Failure   Level  Hunger
 Animate Skeleton         Necr           N/A          0%          1    None
 Pain                     Necr           ####         0%          1    None
 Animate Dead             Necr           N/A          0%          4    None
 Foxfire                  Conj/Fire      ####         1%          1    None
 Static Discharge         Conj/Air       ######..     1%          3    None
 Petrify                  Tmut/Erth      #######.     1%          4    None
 Agony                    Necr           #######.     1%          5    None
 Excruciating Wounds      Chrm/Necr      ######....   1%          5    None
 Call Imp                 Summ           ####....     2%          2    None
 Inner Flame              Hex/Fire       #####...     2%          3    None
 Sticky Flame             Conj/Fire      ######..     2%          4    None
 Slow                     Hex            ###.....     3%          2    None
 Gell's Gravitas          Tloc           ####......   4%          3    None
 Yara's Violent Unravell  Hex/Tmut       ######....   5%          5    None
 Confusing Touch          Hex            ###.....     6%          3    None
 Fireball                 Conj/Fire      ######....   6%          5    None
 Lightning Bolt           Conj/Air       ######....   6%          5    None
 Borgnjor's Revivificati  Necr           #######...   6%          8    ######.
 Infestation              Necr           #######...   6%          8    ######.
 Haunt                    Necr/Summ      ######....   30%         7    #####..
 Metabolic Englaciation   Hex/Ice        ###.......   52%         5    None
 Shatter                  Erth           #######...   80%         9    #######
 Death's Door             Chrm/Necr      ######....   96%         8    ######.
 Ignition                 Fire           ######....   100%        8    ######.
 Tornado                  Air            ######....   100%        9    #######
 Blink                    Tloc           Unusable     N/A         2    N/A

Dungeon Overview and Level Annotations

Branches:
Dungeon (15/15)            Temple (1/1) D:4            Lair (6/6) D:11
  Swamp (4/4) Lair:4        Snake (4/4) Lair:3        Slime (0/5) Lair:6
    Orc (2/2) D:12            Elf (0/3) Orc:2        Vaults (4/5) D:14
  Crypt (0/3) Vaults:3     Depths (0/5) D:15

Altars:
Ashenzari
Cheibriados
Dithmenos
Elyvilon
Fedhas
Gozag
Hepliaklqana
Kikubaaqudgha
Makhleb
Nemelex Xobeh
Okawaru
Qazlal
Ru
Sif Muna
Trog
Uskayaw
Vehumet
Wu Jian
Xom
Yredelemnul
Zin
The Shining One
Beogh
Jiyva

Shops:
D:10 =!   D:14 [   D:15 }   Orc:2 %[!:   Snake:2 =}   Vaults:2 *

Portals:
Pandemonium: Orc:2
Trove: D:11 (give 6 scrolls of fear)

Annotations:
D:10 3 runed translucent doors, Mothringer's ghost, journeyman GnSk


Innate Abilities, Weirdness & Mutations

You cannot be hasted, slowed, berserked, paralysed or teleported.
You can dig through walls and to a lower floor.
Your four strong arms can wield two-handed weapons with a shield.
You have a pair of large antennae on your head. (SInv)
Your natural rate of healing is unusually fast.
You evolve.


Message History

The zombie hands constrict the frost giant, but do no damage.
The frost giant points at you and mumbles some strange words.
The bolt of cold hits you!!
You hit the frost giant. You burn the frost giant.
The frost giant is lightly wounded.
The zombie hands constrict the frost giant!
The frost giant points at you and mumbles some strange words.
The bolt of cold hits you!!!
You are confused.
You feel invigorated.
The zombie hands constrict the frost giant.
The frost giant casts a spell at you. The bolt of cold hits you!!
You feel much better.
The zombie hands constrict the frost giant!
The frost giant gestures at you while chanting.
The bolt of cold hits you!!!
You die...
Your body crumbles into a pile of gold.

,,,,,,,,,,,,,********+********,,*
,,....,,,,,,,* *,,,,,,,* *,,*
#.......,,...# *,,{{,,,* *,,*
#........,...# *##**+***** *,,*
#........,,..####..,,,,,,,****,,+
#........,,..#..#.#******,*,,*,,*
#.....########..#(#,,,,,*,*,,*,,*
#.....#......#..#C#,,,,,*,*,,*,,*
#.....#......#..@.+,,,,,*,+,,*,,,
'.....#......'..#.#,{{,,*,*,,*,,,
#.....#......#..#.#,,,,,*,*,,*,,,
#.....'......#..#.#****+*,*,,*,,,
#.....#......####..,,,,,,,****,,,
#.....+......# *##**+***** *,,,
#.....#......# *,,,,,,,* *,,,
......#......# *,,,,,,,* *,,,
......##'#####*********+** *,,,


You could see a frost giant (clutched).

Vanquished Creatures
  Mennas (Vaults:2)
  Nikola (Vaults:1)
  A thorn hunter (Swamp:4)
  Kirke (Snake:2)
  A sphinx (Vaults:1)
  9 nagarajas
  3 vault wardens
  A fire giant (Vaults:4)
  Louise (Swamp:4)
  Aizul (Snake:4)
  A caustic shrike zombie (D:15)
  6 ironheart preservers
  An angel (D:6)
  5 very ugly things
  2 entropy weavers
  5 stone giants
  Azrael (Snake:2)
  The ghost of nano the Eclecticist, a journeyman SpVM of Vehumet (Snake:3)
  6 dire elephants (Lair:6)
  2 ettins (Vaults:3)
  A deep elf death mage (Vaults:4)
  8 ogre magi
  2 rakshasas
  2 yaktaur captains
  5 ice dragons
  A great orb of eyes (Vaults:3)
  15 hydras
  A ghost crab (Swamp:3)
  10 naga warriors
  8 vault guards
  2 shambling mangroves (Swamp:3)
  20 anacondas
  9 centaur warriors
  19 two-headed ogres
  2 death knights
  13 alligators
  3 deep troll shamans
  6 shock serpents
  A deep troll earth mage (Vaults:2)
  3 orc high priests (Orc:2)
  The ghost of DildoBatman the Conjurer, a novice FoWz of Kikubaaqudgha (D:9)
  Urug (D:11)
  4 deep elf knights
  13 naga sharpshooters
  Sonja (Orc:2)
  A shadow wraith (Vaults:3)
  A titan skeleton (Vaults:3)
  3 skeletal warriors
  An infernal demonspawn (Orc:2)
  2 unseen horrors
  4 wizards
  A spectral anaconda (Snake:3)
  A golden dragon zombie (Vaults:3)
  10 salamander mystics
  2 spriggan druids
  A glowing orange brain (D:10)
  A torturous demonspawn (Orc:2)
  2 flayed ghosts
  13 naga ritualists
  A death drake (shapeshifter) (Vaults:3)
  4 lindwurms (Snake:4)
  4 swamp dragons
  12 deep trolls
  A phantasmal warrior (D:15)
  4 deep elf archers
  4 necromancers
  A harpy (Vaults:1)
  A harpy (shapeshifter) (Vaults:2)
  29 ugly things
  13 orc knights
  10 ironbrand convokers
  A wolf spider zombie (D:12)
  26 mana vipers
  2 wolf spiders
  The ghost of DungeonDestroyer the Chopper, a novice FoFi of Cheibriados (D:6)
  3 cyclopes
  An oklob plant (Lair:4)
  10 orc sorcerers
  An iron dragon zombie (D:15)
  4 manticores
  4 deep elf magi
  A human zombie (Vaults:3)
  10 salamanders
  8 guardian serpents (Snake:4)
  8 vault sentinels
  2 spectral shock serpents (Snake:3)
  13 elephants
  34 black mambas
  Maurice (D:11)
  4 gargoyles
  18 naga magi
  5 centaur skeletons
  A yaktaur zombie (Vaults:3)
  19 spiny frogs
  8 rime drakes
  12 komodo dragons
  A kobold demonologist (D:15)
  9 yaktaurs
  An ice devil (Orc:2)
  10 freezing wraiths
  An efreet (D:15)
  A death yak skeleton (Lair:2)
  A hellwing (Orc:2)
  2 trolls
  2 hydra zombies
  A jumping spider (shapeshifter) (Vaults:2)
  A jumping spider (Vaults:4)
  A catoblepas skeleton (Lair:4)
  A meliai (shapeshifter) (D:15)
  A polar bear (Lair:6)
  A guardian mummy (D:15)
  A fire dragon zombie (D:15)
  A red devil (Orc:2)
  7 tyrant leeches
  A wolf spider simulacrum (D:9)
  A hornet (shapeshifter) (Vaults:2)
  10 hornets
  19 blink frogs
  6 bog bodies
  4 spectral nagas (Snake:3)
  2 harpy skeletons (D:15)
  11 hippogriffs
  19 slime creatures
  3 hydra skeletons
  A spectral black mamba (Snake:3)
  7 spriggans
  2 black mamba zombies
  A spriggan skeleton (D:15)
  A shock serpent simulacrum (Snake:3)
  3 shadows (Swamp:1)
  4 water elementals (D:15)
  2 redbacks (Vaults:2)
  A ynoxinul (Orc:2)
  4 wraiths
  5 wyverns
  Sigmund (D:2)
  3 fire elementals
  49 yaks
  A black mamba skeleton (Lair:3)
  A spectral salamander (Snake:3)
  5 hogs
  A vampire (D:12)
  A neqoxec (Orc:2)
  A hungry ghost (D:11)
  4 basilisks
  A chaos spawn (Orc:2)
  14 steam dragons (Lair:2)
  5 swamp worm simulacra (Swamp:4)
  19 vampire mosquitoes
  8 wargs
  16 swamp worms
  A soldier ant (D:12)
  A naga (shapeshifter) (Vaults:2)
  37 nagas
  13 insubstantial wisps
  2 acid dragons
  13 hydra simulacra (Swamp:4)
  2 hell hounds (Snake:2)
  14 water moccasins
  4 spiny frog zombies
  2 sky beasts (D:11)
  5 porcupines
  3 ice beasts
  37 orc warriors
  6 necrophages (Swamp:1)
  A spiny frog skeleton (Lair:2)
  11 swamp drakes
  3 black bears
  A dream sheep zombie (Lair:2)
  28 ogres
  A blink frog zombie (Lair:1)
  3 phantoms (D:10)
  An ogre (shapeshifter) (Vaults:3)
  6 wolves (Lair:4)
  A blink frog skeleton (Lair:2)
  A rime drake zombie (Lair:5)
  14 centaurs
  18 crocodiles
  A rime drake skeleton (Lair:2)
  3 big kobolds
  18 bullfrogs
  2 komodo dragon zombies (Lair:3)
  2 hippogriff zombies (Lair:2)
  A deep troll simulacrum (Vaults:3)
  2 water moccasin zombies (Lair:5)
  5 jellies
  4 scorpions
  A water moccasin skeleton (Lair:2)
  A killer bee (D:10)
  6 wights
  6 howler monkeys
  A wolf zombie (Lair:1)
  2 yak skeletons
  5 electric eels
  A spectral bullfrog (D:9)
  6 crimson imps
  4 bullfrog zombies
  3 human simulacra
  29 orc priests
  3 hounds
  2 basilisk zombies
  Crazy Yiuf (D:2)
  22 orc wizards
  3 bullfrog skeletons
  6 iguanas
  Terence (D:2)
  2 porcupine skeletons
  2 porcupine zombies
  12 worker ants
  A naga simulacrum (Snake:3)
  A crocodile zombie (Lair:2)
  A bullfrog simulacrum (D:9)
  A crocodile skeleton (Lair:4)
  3 hound zombies
  A hound skeleton (D:5)
  A worker ant zombie (D:9)
  Robin (D:2)
  7 gnolls
  9 adders
  2 shadow imps
  3 swamp drake simulacra (Swamp:4)
  2 adder skeletons
  4 worms
  2 dart slugs
  8 leopard geckos
  107 orcs
  3 ball pythons
  6 giant cockroaches
  9 goblins
  9 hobgoblins
  19 jackals
  7 quokkas
  4 bats
  6 frilled lizards
  A jackal skeleton (D:8)
  12 kobolds
  A quokka skeleton (D:5)
  A quokka zombie (D:8)
  5 rats
  4 fungi
  3 plants (Lair:6)
  A withered plant (D:15)
1436 creatures vanquished.

Vanquished Creatures (others)
  An azure jelly (Swamp:4)
  A hydra (Swamp:3)
  A spiny frog (Swamp:4)
  A hippogriff (shapeshifter) (Vaults:4)
  A bog body (Swamp:2)
  A redback (Vaults:2)
  An orc warrior (D:11)
  A bullfrog (D:8)
  8 fungi
  10 plants
  2 withered plants (D:15)
28 creatures vanquished.

Grand Total: 1464 creatures vanquished

Notes
Turn   | Place    | Note
-------+----------+-------------------------------------------
     0 | D:1      | DildoBatman the Formicid Wizard began the quest for the
                  | Orb.
     0 | D:1      | Reached XP level 1. HP: 13/13 MP: 4/4
    73 | D:1      | Reached skill level 1 in Conjurations
   302 | D:1      | Reached XP level 2. HP: 19/19 MP: 3/6
   932 | D:1      | Reached XP level 3. HP: 24/24 MP: 4/7
   985 | D:1      | Learned a level 3 spell: Conjure Flame
   989 | D:1      | Learned a level 3 spell: Mephitic Cloud
  1402 | D:2      | Noticed Terence
  1502 | D:2      | Found a runed translucent door.
  1503 | D:2      | Noticed Crazy Yiuf
  1520 | D:2      | Reached XP level 4. HP: 30/30 MP: 6/8
  1774 | D:2      | Found a bloodstained altar of Trog.
  2227 | D:2      | Noticed Sigmund
  2776 | D:3      | Noticed a bullfrog
  2786 | D:3      | Killed a bullfrog
  2786 | D:3      | Reached XP level 5. HP: 14/35 MP: 2/9
  3528 | D:3      | Reached XP level 6. HP: 41/41 MP: 5/10
  3529 | D:3      | Reached skill level 5 in Conjurations
  4002 | D:4      | Found an opulent altar of Gozag.
  4084 | D:4      | Found a staircase to the Ecumenical Temple.
  4090 | Temple   | Entered the Ecumenical Temple
  4293 | D:4      | Reached skill level 1 in Fire Magic
  4745 | D:4      | Reached skill level 1 in Air Magic
  5181 | D:5      | Entered Level 5 of the Dungeon
  5229 | D:5      | Found the +3 pair of gauntlets of War {Slay+5}
  5304 | D:5      | Found a blossoming altar of Fedhas.
  5311 | D:5      | Found a hide-covered altar of Uskayaw.
  5443 | D:5      | Noticed an ogre
  5467 | D:5      | Killed an ogre
  5467 | D:5      | Reached XP level 7. HP: 46/46 MP: 6/11
  5552 | D:5      | Found a radiant altar of Vehumet.
  5552 | D:5      | Found a glowing golden altar of the Shining One.
  5559 | D:5      | Found a stormy altar of Qazlal.
  5562 | D:5      | Found a shimmering blue altar of Sif Muna.
  5564 | D:5      | Found an ancient bone altar of Kikubaaqudgha.
  5592 | D:5      | Became a worshipper of Kikubaaqudgha
  5635 | D:5      | Found a sacrificial altar of Ru.
  5835 | D:5      | Noticed an unseen horror
  6168 | D:2      | Killed Terence
  6205 | D:2      | Noticed Robin
  6215 | D:2      | Killed Robin
  6280 | D:2      | Killed Sigmund
  6384 | D:2      | Killed Crazy Yiuf
  6501 | D:6      | Reached XP level 8. HP: 52/52 MP: 8/12
  6625 | D:6      | Found a glowing silver altar of Zin.
  6625 | D:6      | Noticed an angel
  6626 | D:6      | Found a runed translucent door.
  6687 | D:6      | Found an ornate altar of the Wu Jian Council.
  6687 | D:6      | Found a hazy altar of Hepliaklqana.
  6733 | D:6      | Reached * piety under Kikubaaqudgha
  6733 | D:6      | Identified Kikubaaqudgha's Reference Book on Sinister
                  | Rituals (Kikubaaqudgha gifted it to you on level 6 of the
                  | Dungeon)
  6733 | D:6      | Received a gift from Kikubaaqudgha
  6782 | D:6      | Found a basalt altar of Yredelemnul.
  6869 | D:6      | Found a large runed translucent door.
  6869 | D:6      | Found a large runed translucent door.
  6870 | D:6      | Noticed DungeonDestroyer's ghost (novice FoFi)
  7208 | D:7      | Noticed a hippogriff
  7220 | D:7      | Killed a hippogriff
  7220 | D:7      | Reached skill level 1 in Fighting
  7220 | D:7      | Reached skill level 1 in Armour
  7220 | D:7      | Reached skill level 5 in Fire Magic
  7229 | D:7      | Reached XP level 9. HP: 55/59 MP: 8/13
  8157 | D:8      | Noticed a hippogriff
  8159 | D:8      | Noticed a two-headed ogre
  8217 | D:8      | Learned a level 2 spell: Sublimation of Blood
  8221 | D:8      | Learned a level 3 spell: Vampiric Draining
  8451 | D:7      | Killed a hippogriff
  8451 | D:7      | Reached skill level 5 in Air Magic
  8568 | D:8      | Noticed a manticore
  8585 | D:8      | Killed a manticore
  8585 | D:8      | Reached XP level 10. HP: 68/73 MP: 1/14
  8747 | D:8      | Reached skill level 5 in Armour
  8757 | D:8      | Reached ** piety under Kikubaaqudgha
  8757 | D:8      | Reached skill level 1 in Necromancy
  8767 | D:8      | Reached skill level 5 in Fighting
  8786 | D:8      | Reached skill level 2 in Necromancy
  8876 | D:8      | Killed a two-headed ogre
  8876 | D:8      | Reached skill level 5 in Dodging
  9205 | D:8      | Reached skill level 3 in Necromancy
  9468 | D:5      | Killed an unseen horror
  9595 | D:9      | Found a runed translucent gate.
  9595 | D:9      | Found a runed translucent gate.
  9599 | D:9      | Found a runed translucent gate.
  9603 | D:9      | Noticed DildoBatman's ghost (novice FoWz)
  9674 | D:9      | Reached XP level 11. HP: 81/81 MP: 10/18
  9676 | D:9      | Reached skill level 5 in Spellcasting
  9739 | D:9      | Reached *** piety under Kikubaaqudgha
  9739 | D:9      | Identified Kikubaaqudgha's Incunabulum of Stolen Souls
                  | (Kikubaaqudgha gifted it to you on level 9 of the Dungeon)
  9739 | D:9      | Received a gift from Kikubaaqudgha
  9747 | D:9      | Learned a level 4 spell: Dispel Undead
 10074 | D:9      | Reached skill level 4 in Necromancy
 10324 | D:10     | Entered Level 10 of the Dungeon
 10455 | D:10     | Noticed a cyclops
 10504 | D:10     | Killed a cyclops
 10512 | D:10     | Found Voomien's Jewellery Shoppe.
 10566 | D:10     | Reached skill level 5 in Necromancy
 10849 | D:10     | Noticed an unseen horror
 10870 | D:10     | Killed an unseen horror
 10962 | D:10     | Found a runed translucent gate.
 10962 | D:10     | Noticed a white ugly thing
 10962 | D:10     | Noticed a green ugly thing
 10963 | D:10     | Noticed a cyan ugly thing
 10963 | D:10     | Noticed a green ugly thing
 10964 | D:10     | Found a runed translucent gate.
 10964 | D:10     | Found a runed translucent gate.
 10964 | D:10     | Noticed a glowing orange brain
 10996 | D:10     | Reached **** piety under Kikubaaqudgha
 11012 | D:10     | Reached skill level 6 in Necromancy
 11020 | D:10     | Learned a level 5 spell: Borgnjor's Vile Clutch
 11069 | D:10     | Found Tauhal's Distillery.
 11079 | D:10     | Bought a potion of degeneration for 17 gold pieces
 11309 | D:10     | Reached skill level 1 in Earth Magic
 11645 | D:11     | Reached skill level 7 in Necromancy
 11652 | D:11     | Found a portal to a secret trove of treasure.
 11660 | D:11     | Noticed a centaur warrior
 11670 | D:11     | Killed a centaur warrior
 11670 | D:11     | Reached XP level 12. HP: 73/89 MP: 22/22
 11731 | D:11     | Reached skill level 5 in Earth Magic
 11919 | D:11     | Got an ichor-stained robe
 11930 | D:11     | Identified the cursed +0 robe "Kablotywk" {+Inv rF+ rN+
                  | Regen+} (You found it on level 11 of the Dungeon)
 11968 | D:11     | Reached ***** piety under Kikubaaqudgha
 11972 | D:11     | Reached skill level 8 in Necromancy
 12100 | D:11     | Found a staircase to the Lair.
 12252 | D:11     | Noticed Urug
 12290 | D:11     | Killed Urug
 12291 | D:11     | Noticed Maurice
 12323 | D:11     | Killed Maurice
 12600 | D:12     | Found a staircase to the Orcish Mines.
 12715 | D:12     | Reached skill level 9 in Necromancy
 12815 | D:12     | Noticed a two-headed ogre
 12843 | D:12     | Killed a two-headed ogre
 13168 | D:12     | Identified the +6 chain mail "Gulennem" {*Drain Dex+2
                  | Stlth+}
 13205 | D:12     | Found a roughly hewn altar of Beogh.
 13682 | Orc:1    | Entered Level 1 of the Orcish Mines
 13891 | Orc:1    | Reached XP level 13. HP: 65/96 MP: 17/23
 14025 | Orc:1    | Reached ****** piety under Kikubaaqudgha
 14026 | Orc:1    | Received a gift from Kikubaaqudgha
 14039 | Orc:1    | You fall into a shaft and drop 1 floor!
 14039 | Orc:2    | Entered Level 2 of the Orcish Mines
 14047 | Orc:2    | Noticed Sonja
 14076 | Orc:2    | Killed Sonja
 14153 | Orc:2    | Found a staircase to the Elven Halls.
 14204 | Orc:1    | Fell from the grace of Kikubaaqudgha
 14355 | D:4      | Became a worshipper of Gozag Ym Sagoz the Greedy
 14415 | D:6      | Killed DungeonDestroyer's ghost
 14415 | D:6      | Reached skill level 5 in Shields
 14531 | D:9      | Killed DildoBatman's ghost
 14765 | D:11     | Gained mutation: Your natural rate of healing is unusually
                  | fast. [potion of mutation]
 14765 | D:11     | Gained mutation: Your magical capacity is low. (-10% MP)
                  | [potion of mutation]
 14765 | D:11     | Gained mutation: You evolve. [potion of mutation]
 14768 | Lair:1   | Entered Level 1 of the Lair of Beasts
 15313 | Lair:1   | Gained mutation: You are clumsy. (Dex -2) [evolution]
 16036 | Lair:2   | Noticed a five-headed hydra
 16058 | Lair:2   | Killed a five-headed hydra
 17225 | Lair:2   | Reached XP level 14. HP: 108/108 MP: 19/22
 18096 | Lair:3   | Found a staircase to the Snake Pit.
 18109 | Lair:3   | Reached skill level 10 in Armour
 18337 | Lair:3   | Gained mutation: Your mind is acute. (Int +2) [evolution]
 18520 | Snake:1  | Entered Level 1 of the Snake Pit
 18680 | Lair:4   | Reached skill level 10 in Fighting
 18961 | Lair:4   | Found a staircase to the Swamp.
 20152 | Lair:5   | Was forgiven by Kikubaaqudgha
 20160 | Lair:5   | You fall into a shaft and drop 1 floor!
 20160 | Lair:6   | Entered Level 6 of the Lair of Beasts
 20171 | Lair:6   | Reached skill level 10 in Spellcasting
 20429 | Lair:6   | Found a viscous altar of Jiyva.
 20455 | Lair:6   | Got a faintly glowing war axe
 20456 | Lair:6   | Identified the cursed +2 war axe "Ukyd" {venom, *Rage Str+8
                  | Dex-4 SInv} (You found it on level 6 of the Lair of Beasts)
 20530 | Lair:6   | Reached XP level 15. HP: 106/115 MP: 14/27
 20729 | Lair:6   | Lost mutation: You are clumsy. (Dex -2) [evolution]
 20821 | Lair:6   | Found a staircase to the Slime Pits.
 22505 | D:6      | Killed an angel
 23190 | Orc:2    | Lost mutation: Your magical capacity is low. (-10% MP)
                  | [evolution]
 23213 | Orc:2    | Found Dihuawud's Distillery.
 23224 | Orc:2    | Found Jovac's Food Shop.
 23356 | Orc:2    | Bought a potion of ambrosia for 88 gold pieces
 23356 | Orc:2    | Bought a potion of invisibility for 88 gold pieces
 23356 | Orc:2    | Bought a potion of heal wounds for 55 gold pieces
 23356 | Orc:2    | Bought a potion of curing for 33 gold pieces
 23356 | Orc:2    | Bought a potion of brilliance for 44 gold pieces
 23356 | Orc:2    | Bought a potion of mutation for 88 gold pieces
 23356 | Orc:2    | Bought a potion of cancellation for 88 gold pieces
 23356 | Orc:2    | Bought 2 potions of brilliance for 88 gold pieces
 23356 | Orc:2    | Bought 2 potions of curing for 66 gold pieces
 23591 | Orc:2    | Reached skill level 10 in Earth Magic
 23685 | Orc:2    | Reached skill level 10 in Necromancy
 23846 | Orc:2    | Found Doaplehi's Book Emporium.
 23846 | Orc:2    | Found Isimewur's Antique Armour Shoppe.
 23846 | Orc:2    | Found a one-way gate leading to the halls of Pandemonium.
 24032 | Orc:2    | Found a roughly hewn altar of Beogh.
 24208 | D:10     | Found a runed translucent gate.
 24208 | D:10     | Found a runed translucent gate.
 24214 | D:10     | Found a runed translucent gate.
 24221 | D:10     | Noticed Mothringer's ghost (journeyman GnSk)
 24430 | D:13     | Reached XP level 16. HP: 107/122 MP: 13/33
 24717 | D:13     | Found a roughly hewn altar of Beogh.
 24944 | D:14     | Reached skill level 11 in Necromancy
 24988 | D:14     | Found a gate to the Vaults.
 25199 | D:14     | Found Paduar's Antique Armour Shop.
 25233 | D:14     | Bought a pair of encrusted boots for 285 gold pieces
 25243 | D:14     | Identified the +2 pair of boots "Uborerav" {rN+ MR+ Str+4}
                  | (You bought it in a shop on level 14 of the Dungeon)
 25559 | D:15     | Entered Level 15 of the Dungeon
 25916 | D:15     | Reached skill level 12 in Necromancy
 26021 | D:15     | Found a staircase to the Depths.
 26501 | D:15     | Found Nipui's Gadget Shop.
 26959 | D:10     | Bought an uncursed amulet of magic regeneration for 390
                  | gold pieces
 27165 | Snake:1  | Found a glowing golden altar of the Shining One.
 27391 | Snake:1  | Reached XP level 17. HP: 102/128 MP: 27/34
 27488 | Snake:1  | Reached skill level 15 in Earth Magic
 28678 | Snake:2  | Noticed Azrael
 29022 | Snake:2  | Killed Azrael
 29456 | Snake:2  | Found Quodd's Gadget Emporium.
 29457 | Snake:2  | Found Xitism's Jewellery Shop.
 29457 | Snake:2  | Found Daog's Jewellery Shop.
 29466 | Snake:2  | Bought a wand of acid (9) for 286 gold pieces
 29466 | Snake:2  | Bought a wand of iceblast (9) for 143 gold pieces
 29466 | Snake:2  | Bought a wand of iceblast (7) for 121 gold pieces
 29867 | Snake:3  | Reached skill level 10 in Shields
 29975 | Snake:3  | Noticed Kirke
 30035 | Snake:2  | Noticed a sphinx
 30159 | Snake:2  | Killed Kirke
 30330 | Snake:3  | Reached XP level 18. HP: 122/134 MP: 20/35
 30475 | Snake:3  | Found a runed translucent gate.
 30475 | Snake:3  | Found a runed translucent gate.
 30476 | Snake:3  | Found a runed translucent gate.
 30478 | Snake:3  | Noticed nano's ghost (journeyman SpVM)
 30500 | Snake:3  | Killed nano's ghost
 30627 | Snake:4  | Entered Level 4 of the Snake Pit
 31484 | Snake:4  | Reached skill level 15 in Shields
 31552 | Snake:4  | Noticed Aizul
 31566 | Snake:4  | Killed Aizul
 31840 | Snake:4  | Reached XP level 19. HP: 140/140 MP: 16/36
 32085 | Snake:4  | Reached skill level 13 in Necromancy
 32274 | Snake:4  | Got a serpentine rune of Zot
 32850 | Swamp:1  | Entered Level 1 of the Swamp
 33352 | Swamp:1  | Reached skill level 14 in Necromancy
 34436 | Swamp:2  | Lost mutation: Your mind is acute. (Int +2) [evolution]
 34762 | Swamp:3  | Reached skill level 15 in Necromancy
 35627 | Swamp:3  | Reached XP level 20. HP: 147/147 MP: 33/38
 35759 | Swamp:4  | Entered Level 4 of the Swamp
 35833 | Swamp:4  | Noticed Louise
 35849 | Swamp:4  | Got a bronze plate armour
 35860 | Swamp:4  | Killed Louise
 35860 | Swamp:4  | Reached skill level 16 in Necromancy
 35910 | Swamp:4  | Identified the cursed +1 plate armour "Coicynio" {rCorr}
                  | (You found it on level 4 of the Swamp)
 36792 | Swamp:4  | Got a decaying rune of Zot
 37111 | Vaults:1 | Entered Level 1 of the Vaults
 37278 | Vaults:1 | Noticed Nikola
 37291 | Vaults:1 | Killed Nikola
 37642 | Vaults:1 | Reached skill level 17 in Necromancy
 38357 | Vaults:1 | Learned a level 8 spell: Necromutation
 38366 | Vaults:2 | Gained mutation: Your muscles are strong. (Str +2)
                  | [evolution]
 38368 | Vaults:2 | Reached skill level 1 in Transmutations
 38846 | Vaults:2 | Reached skill level 5 in Transmutations
 38852 | Vaults:2 | Reached skill level 18 in Necromancy
 38917 | Vaults:2 | Identified the +3 tower shield "Nusmoh" {+Inv rElec MR+}
 38917 | Vaults:2 | Noticed Mennas
 38920 | Vaults:2 | Reached XP level 21. HP: 153/153 MP: 19/39
 38936 | Vaults:2 | Killed Mennas
 39281 | Vaults:2 | Found Webaw's Assorted Antiques.
 39313 | Vaults:2 | Bought a scroll of identify for 68 gold pieces
 39621 | Vaults:3 | You fall into a shaft and drop 1 floor!
 39825 | Vaults:4 | Found a flickering gateway to a bazaar.
 39857 | Bazaar   | Entered a bazaar
 39857 | Bazaar   | Found Soggabb's Antique Armour Emporium.
 39857 | Bazaar   | Found Hexirucu's Gadget Shoppe.
 39857 | Bazaar   | Found Idazinn's Assorted Antiques.
 39857 | Bazaar   | Found Tiowusu's Weapon Emporium.
 39857 | Bazaar   | Found Ripeqi Pari's Armour Emporium.
 39867 | Bazaar   | Bought a knobbly runed staff for 264 gold pieces
 39873 | Bazaar   | Bought a wand of iceblast (9) for 234 gold pieces
 40443 | Vaults:3 | Reached skill level 19 in Necromancy
 40734 | Vaults:3 | Reached skill level 10 in Transmutations
 40803 | Vaults:3 | Got a pair of shimmering gloves
 40877 | Vaults:3 | Lost mutation: Your muscles are strong. (Str +2)
                  | [evolution]
 41107 | Vaults:3 | Found a staircase to the Crypt.
 41544 | Vaults:4 | Killed from afar by a frost giant

Illustrated notes

Levels and vault maps discovered:
D:1:      ncdulo_watergridlock, layout_basic, minmay_misc_feat_five
D:2:      layout_loops_ring, first_ration, trog_three_pillars_becter,
          uniq_crazy_yiuf_cottage, uniq_terence, uniq_sigmund, uniq_robin
D:3:      layout_basic, lemuel_another_geyser
D:4:      layout_basic, minmay_temple_entry_gardened_gates, grunt_gozag_statues
D:5:      layout_loops_ring, minitemple, chequers_temple_overflow_minitemple,
          lemuel_round_altar, lightli_corner_chamber
D:6:      layout_cave_pools, gammafunk_temple_overflow_statue,
          lemuel_round_altar, ebering_ghost_disaster_area, nrook_uturn,
          lemuel_angel_altar
D:7:      layout_gridville, kennysheep_generic_room_13
D:8:      minmay_bloctagon, layout_basic
D:9:      layout_basic, gammafunk_ghost_necromancy
D:10:     layout_roguey, serial_shops, nicolae_shop_behind_doors,
          kennysheep_little_box, ploomutoo_gammafunk_ghost_potion_laboratory,
          minmay_quadrilaterals
D:11:     layout_roguey, erik_lair_dragon, enter_trove_0, uniq_maurice,
          uniq_urug
D:12:     layout_cave_pools, minmay_orc_entry_temple_small, kennysheep_dice
D:13:     layout_rooms, special_room [special_room_orc]
D:14:     layout_roguey, grunt_vaults_entry_fortified, glass_columns_a,
          serial_shops, nicolae_shop_waterfront
D:15:     gammafunk_depths_entry_grave, layout_basic, serial_bayou_ford_a,
          serial_shops, nicolae_shop_behind_doors
Temple:   chequers_temple_sunken
Lair:1:   layout_roguey, grunt_megastairs_5
Lair:2:   layout_regular_city, bobbens_dragon_lair_wall, serial_bayou_shore_b
Lair:3:   layout_regular_city, dummy_snake_entry
Lair:4:   layout_cave_pods, minmay_swamp_entry_reptiles, lemuel_fruit_tree
Lair:5:   layout_loops_ring
Lair:6:   due_jungle_book, layout_big_grid, slime_altar_1,
          infiniplex_staircase_pool
Swamp:1:  layout_falls_marsh, nicolae_swamp_fairy_circle, swamp_pool5,
          roderic_carrion_pond
Swamp:2:  layout_basic_swamp, evilmike_swamp_ruin_rubble_1, swamp_pool1
Swamp:3:  layout_falls_marsh, evilmike_swamp_ruin_house_3, grunt_hermit_hut
Swamp:4:  swamp_icy, layout_basic_swamp, infiniplex_staircase_pool_2,
          uniq_louise
Snake:1:  layout_onion, basic_altar
Snake:2:  layout_chambers, grunt_megastairs_4, minmay_shop_grove, uniq_azrael
Snake:3:  layout_honeycomb, gammafunk_ghost_necromancy, uniq_kirke
Snake:4:  snake_pit_salamanders_mu, layout_cave_town, uniq_aizul
Orc:1:    layout_diamond_mine
Orc:2:    pf_orc_diabolical, layout_caves, nicolae_orc_lost_temple, uniq_sonja
Vaults:1: v_alt_pattern_3, vaults_mumra_chevron, nicolae_vaults_circle_grid_a,
          ontoclasm_vaults_loading_screen, st_star, vaults_dpeg_hooks,
          ontoclasm_vaults_eye, v_alt_pattern_3, layout_vaults_omnigrid,
          uniq_nikola
Vaults:2: vaults_room_hallway, v_misc_4, vaults_dpeg_spiral,
          vaults_standard_mumra_x, v_misc_27, nicolae_vaults_little_ls,
          v_misc_9, hangedman_vaults_trim, v_alt_pattern_3,
          hangedman_vaults_snaps, ontoclasm_vaults_misaligned, v_misc_22,
          layout_vaults_omnibox, serial_shops, shop_coins, uniq_mennas
Vaults:3: v_misc_2, ontoclasm_vaults_tryst, hangedman_vaults_nails,
          vaults_room_pools, hangedman_vaults_nails,
          minmay_crypt_entry_simple_sparse, nicolae_vaults_triangles,
          vaults_mumra_minichess_inversion, ontoclasm_vaults_loading_screen,
          nicolae_vaults_network_quinsquares
          [nicolae_vaults_network_quincunx_subvault,
          nicolae_vaults_network_quincunx_subvault,
          nicolae_vaults_network_quincunx_subvault,
          nicolae_vaults_network_quincunx_subvault], ontoclasm_vaults_shuriken,
          vaults_room_stairs_pillars, v_misc_24,
          nicolae_vaults_diagonal_hallway_6, layout_vaults_ring
Vaults:4: v_pattern_4, hangedman_vaults_capsules, nicolae_vaults_alarming,
          nicolae_vaults_arrows, vaults_room_boxed, vaults_room_door_hall,
          vaults_dpeg_doors, layout_vaults_chaotic_city, serial_shops,
          freezing_bzr, nicolae_shop_trees

Skill      XL: |  1  2  3  4  5  6  7  8  9 10 11 12 13 14 15 16 17 18 19 20 21 |
---------------+----------------------------------------------------------------+-----
Conjurations   | 1 2 3 4 5 6 |  6.0
Fire Magic     | 2 3 5 |  5.0
Air Magic      | 1 2 4 5 |  5.0
Fighting       | 1 4 6 7 9 10 | 10.0
Armour         | 1 4 6 7 9 10 | 10.0
Dodging        | 2 4 5 6 7 8 |  8.0
Necromancy     | 3 7 9 10 12 15 18 19 | 19.0
Spellcasting   | 4 7 11 13 14 | 14.0
Shields        | 3 4 7 9 10 15 | 15.0
Earth Magic    | 4 9 11 14 18 | 18.0
Transmutations | 5 11 | 11.5
Stealth        | |  2.4
Summonings     | |  1.0
Translocations | |  0.8

Action                   |  1- 3 |  4- 6 |  7- 9 | 10-12 | 13-15 | 16-18 | 19-21 || total
-------------------------+-------+-------+-------+-------+-------+-------+-------++-------
Melee: Unarmed           |    16 |       |       |       |       |       |       ||    16
       Club              |     2 |       |       |       |       |       |       ||     2
       Whip              |       |    12 |       |       |       |       |       ||    12
       Short sword       |       |       |    23 |    64 |   827 |   255 |   216 ||  1385
       Flail             |       |       |       |   141 |       |       |     3 ||   144
       Halberd           |       |       |       |    24 |     3 |       |       ||    27
       Dagger            |       |       |       |    12 |       |       |       ||    12
       Scimitar          |       |       |       |       |       |       |   172 ||   172
       Rapier            |       |       |       |       |       |       |    12 ||    12
       Demon whip        |       |       |       |       |       |       |    12 ||    12
 Fire: Hunting sling     |       |   130 |   162 |   450 |   152 |   277 |       ||  1171
       Shortbow          |       |       |       |       |       |   127 |   401 ||   528
 Cast: Magic Dart        |    69 |   109 |    12 |    24 |     9 |     4 |     4 ||   231
       Mephitic Cloud    |       |     2 |    31 |    65 |    60 |    14 |    11 ||   183
       Conjure Flame     |       |     2 |    11 |    50 |    86 |    32 |    27 ||   208
       Dispel Undead     |       |       |       |     6 |     6 |     7 |    36 ||    55
       Borgnjor's Vile C |       |       |       |     6 |   136 |   293 |   379 ||   814
       Sublimation of Bl |       |       |       |       |    23 |    59 |    45 ||   127
       Vampiric Draining |       |       |       |       |    11 |     2 |    12 ||    25
Invok: Receive Necronomi |       |       |       |       |     1 |       |       ||     1
       Renounce Religion |       |       |       |       |     1 |       |       ||     1
       Potion Petition   |       |       |       |       |     1 |     1 |       ||     2
 Abil: Dig               |     1 |     6 |     9 |    14 |    30 |     9 |       ||    69
Evoke: Phial of floods   |       |       |       |       |     1 |       |       ||     1
       Wand              |       |       |       |       |       |     2 |       ||     2
       Tin of tremorston |       |       |       |       |       |     1 |       ||     1
  Use: Scroll            |       |     7 |     1 |     5 |     8 |     8 |     5 ||    34
       Potion            |       |       |       |       |     2 |     3 |     9 ||    14
 Stab: Confused          |       |       |     1 |     7 |    14 |     3 |       ||    25
       Distracted        |       |       |       |       |     1 |     1 |     5 ||     7
  Eat: Chunk             |     2 |    11 |    15 |    22 |     4 |       |       ||    54
       Ration            |       |       |       |       |    15 |     7 |     9 ||    31
Armor: Robe              |     9 |     5 |    19 |    42 |     4 |       |       ||    79
       Ring mail         |       |       |       |    57 |       |       |       ||    57
       Troll leather arm |       |       |       |       |   309 |   153 |   210 ||   672
Dodge: Dodged            |    38 |    49 |    41 |   214 |   568 |   283 |   300 ||  1493
Block: Buckler           |       |       |       |    32 |   179 |    65 |       ||   276
       Tower shield      |       |       |       |       |       |    85 |   706 ||   791
       Rpst.: Scimitar   |       |       |       |       |       |       |    20 ||    20
